 Dungeon Crawl Stone Soup version 0.31.0-9-g3a7656b989 (webtiles) character file.

Game seed: 7524612127450973404

478 qw the Ducker (level 6, -2/30 HPs)
             Began as a Spriggan Hunter on Feb 2, 2024.
             Was a Follower of Okawaru.
             Incinerated by a bombardier beetle (5 damage)
             ... with a burning spray
             ... on level 5 of the Dungeon.
             The game lasted 00:00:11 (3678 turns).

qw the Ducker (Spriggan Hunter)                     Turns: 3678, Time: 00:00:12

Health: -2/30      AC:  2    Str:  7    XL:     6   Next: 86%
Magic:  8/8        EV: 22    Int: 10    God:    Okawaru [*.....]
Gold:   314        SH:  0    Dex: 21    Spells: 5/5 levels left

rFire   . . .        a - +0 shortbow
rCold   . . .        (shield currently unavailable)
rNeg    . . .        c - +0 robe
rPois   .            (helmet restricted)
rElec   .            (no cloak)
rCorr   .            (gloves unavailable)
SInv    +            (boots unavailable)
Will    ++...        i - amulet of faith
Stlth   +            g - ring of willpower
HPRegen 0.25/turn    (no ring)
MPRegen 0.11/turn

%: faith
@: on fire, glowing, very quick
A: very small, no large weapons, unfitting armour, see invisible, speed 3
a: Renounce Religion, Heroism


You were on level 5 of the Dungeon.
You worshipped Okawaru.
Okawaru was aware of your devotion.
You visited 2 branches of the dungeon, and saw 6 of its levels.

You collected 341 gold pieces.
You spent 27 gold pieces at shops.


Innate Abilities, Weirdness & Mutations

You are very small and have problems with some larger weapons.
You are too small for most types of armour.
You have supernaturally acute eyesight. (SInv)
You cover ground extremely quickly. (Speed+++)


   Skills:
 - Level 2.0 Fighting
 + Level 6.4 Ranged Weapons
 - Level 6.4 Dodging
 - Level 1.5 Stealth
 + Level 1.7 Invocations


You had 5 spell levels left.
You didn't know any spells.
Your spell library was empty.

Inventory:

Hand Weapons
 a - a +0 shortbow (weapon)
Armour
 c - a +0 robe (worn)
Jewellery
 g - a ring of willpower (left hand)
 i - an amulet of faith (around neck)
 m - the ring of Doru Ushroo {Ice Int+3}
   (You found it on level 5 of the Dungeon)

   [ring of ice]

   Ice:       It enhances your ice magic.
   Int+3:     It affects your intelligence (+3).
   rF-:       It makes you vulnerable to fire.
   rC+:       It protects you from cold.
 p - a +4 ring of protection
Scrolls
 d - a scroll of enchant armour
 e - a scroll of acquirement {unknown}
 h - 7 scrolls of teleportation
Potions
 b - a potion of cancellation {unknown}
 f - 2 potions of heal wounds
 j - a potion of degeneration {unknown}
 k - a potion of mutation {unknown}
 l - a potion of enlightenment {unknown}
 n - 2 potions of curing
 o - a potion of lignification {unknown}

Dungeon Overview and Level Annotations

Branches:
Dungeon (5/15)             Temple (1/1) D:4

Altars:
Ashenzari
Cheibriados
Dithmenos
Elyvilon
Fedhas
Gozag
Hepliaklqana
Makhleb
Okawaru
Qazlal
Ru
Sif Muna
Trog
Uskayaw
Vehumet
Wu Jian
Xom
Yredelemnul
Zin
The Shining One

Shops:
D:2 *


Message History

You shoot an arrow. The arrow hits the bombardier beetle.
The bombardier beetle is severely wounded.
The bombardier beetle sprays incendiary fluid at you.
The burning spray misses you.
You shoot an arrow.
The arrow hits the bombardier beetle but does no damage.
The bombardier beetle is severely wounded.
The bombardier beetle bites you.
You shoot an arrow. The arrow hits the bombardier beetle.
The bombardier beetle is almost dead.
You shoot an arrow.
The arrow barely misses the bombardier beetle.
The bombardier beetle barely misses you.
You shoot an arrow.
The arrow hits the bombardier beetle but does no damage.
The bombardier beetle is almost dead.
The bombardier beetle sprays incendiary fluid at you.
The burning spray hits you.
You are covered in liquid fire!
You shoot an arrow.
The arrow hits the bombardier beetle but does no damage.
The bombardier beetle is almost dead.
The liquid fire burns you!
You shoot an arrow. The arrow hits the bombardier beetle!
You kill the bombardier beetle!
Okawaru accepts your kill. The liquid fire burns you!
You are on fire!
The liquid fire burns you!
You are on fire!
The liquid fire burns you!
You are on fire!
The liquid fire burns you!
You are on fire!
The liquid fire burns you!
You are on fire!
The liquid fire burns you!
You are on fire!
The liquid fire burns you!
You die...

##'## #.# #.##.
######.# #.# #.##.
#......# #.# #.##.
#.####.## #.# #.##.
#.......## #.#
#.... ..........#
#.# ####.
##.#.#...########.#
##
#................#
#.#.#..#...#.@.###
#.#.#.###.###..# #
# #. ### ...# ..
##..# #.. ..## ..
.## # ### ##.#


There were no monsters in sight!

Vanquished Creatures
  A black bear (D:5)
  A scorpion (D:5)
  2 bombardier beetles (D:5)
  A hound (D:4)
  2 iguanas (D:5)
  A jelly (D:4)
  7 adders
  2 dart slugs
  2 ribbon worms (D:2)
  6 orcs
  6 endoplasms
  5 giant cockroaches
  8 goblins
  11 hobgoblins
  3 jackals
  4 quokkas
  4 ball pythons
  3 bats
  A frilled lizard (D:2)
  A kobold (D:2)
  6 rats
77 creatures vanquished.

Notes
Turn   | Place    | Note
-------+----------+-------------------------------------------
     0 | D:1      | qw the Spriggan Hunter began the quest for the Orb.
     0 | D:1      | Reached XP level 1. HP: 10/10 MP: 2/2
     0 | D:1      | 0 ||| qw: Version: 0.3-a-155-g5e7d8dd
     0 | D:1      | 0 ||| qw: Game counter: 1634
     0 | D:1      | 0 ||| qw: Melee chars always use a shield: true
     0 | D:1      | 0 ||| qw: God list: Okawaru
     0 | D:1      | 0 ||| qw: Allow faded altars: false
     0 | D:1      | 0 ||| qw: Do Orc after clearing Dungeon:15 true
     0 | D:1      | 0 ||| qw: Do second Lair branch before Depths: true
     0 | D:1      | 0 ||| qw: Lair rune preference: random
     0 | D:1      | 0 ||| qw: Goals: Normal
     0 | D:1      | 0 ||| PLANNING D:1-11
    30 | D:1      | Reached skill level 3 in Dodging
   151 | D:1      | Reached XP level 2. HP: 14/14 MP: 3/3
   666 | D:1      | Reached XP level 3. HP: 18/18 MP: 4/4
   834 | D:1      | 834 ||| UPGRADING to amulet of faith.
   839 | D:1      | 839 ||| READING 3 scrolls labelled SAECEMMUAGG.
   840 | D:1      | 840 ||| READING 2 scrolls labelled LUEN NEHEYNU.
   843 | D:1      | 843 ||| READING scroll labelled AMUXTI YNIUJAB.
   944 | D:1      | 944 ||| READING scroll labelled RAURCH SEN PORA.
  1045 | D:1      | 1045 ||| DRINKING 2 emerald potions.
  1046 | D:1      | 1046 ||| DRINKING 3 red potions.
  1047 | D:1      | 1047 ||| DROPPING scroll of butterflies.
  1048 | D:1      | 1048 ||| DROPPING 2 scrolls of fear.
  1049 | D:1      | 1049 ||| DROPPING 2 potions of attraction.
  1100 | D:2      | Found Woxev's Assorted Antiques.
  1107 | D:2      | 1107 ||| BUYING fizzy clear potion (27 gold).
  1107 | D:2      | Bought a fizzy clear potion for 27 gold pieces
  1107 | D:2      | 1107 ||| SHOPLISTING glowing copper wand (120 gold, have
                  | 63).
  1107 | D:2      | 1107 ||| SHOPLISTING potion of haste (300 gold, have 63).
  1107 | D:2      | 1107 ||| SHOPLISTING scroll of teleportation (90 gold, have
                  | 63).
  1617 | D:2      | Reached XP level 4. HP: 22/22 MP: 5/5
  1922 | D:2      | 1922 ||| UPGRADING to ring of willpower.
  1923 | D:2      | 1923 ||| READING scroll labelled IFOZIE ZAUQUAK.
  1923 | D:2      | 1923 ||| ENCHANTING +0 shortbow.
  1924 | D:2      | 1924 ||| DRINKING 2 puce potions.
  1925 | D:2      | 1925 ||| DRINKING 2 dark potions.
  1926 | D:2      | 1926 ||| DROPPING potion of brilliance.
  2184 | D:3      | Found a shimmering altar of Xom.
  2363 | D:3      | 2363 ||| READING scroll labelled DEFAF ZADOUSU.
  2364 | D:3      | 2364 ||| READING scroll labelled RIPAEJ RUL FAU.
  2365 | D:3      | 2365 ||| READING scroll labelled ZOUTHR VEUV.
  2460 | D:4      | Reached XP level 5. HP: 26/26 MP: 6/6
  2533 | D:4      | Found a staircase to the Ecumenical Temple.
  2534 | D:4      | 2534 ||| PLANNING TEMPLE
  2534 | D:4      | 2534 ||| DRINKING 2 sapphire potions.
  2543 | Temple   | Entered the Ecumenical Temple
  2544 | Temple   | 2544 ||| PLANNING OKAWARU WORSHIP
  2554 | Temple   | Became a worshipper of Warmaster Okawaru
  2555 | Temple   | 2555 ||| PLANNING D:1-11
  2984 | D:5      | Entered Level 5 of the Dungeon
  3061 | D:5      | Identified the ring of Doru Ushroo {Ice Int+3}
  3118 | D:5      | Reached skill level 6 in Ranged Weapons
  3291 | D:5      | Noticed a black bear
  3295 | D:5      | 3295 ||| DRINKING potion of haste.
  3305 | D:5      | 3305 ||| RETREEEEATING.
  3306 | D:5      | 3306 ||| RETREEEEATING.
  3307 | D:5      | 3307 ||| FLEEEEING.
  3308 | D:5      | 3308 ||| FLEEEEING.
  3309 | D:5      | 3309 ||| FLEEEEING.
  3310 | D:5      | 3310 ||| FLEEEEING.
  3311 | D:5      | 3311 ||| FLEEEEING.
  3312 | D:5      | 3312 ||| FLEEEEING.
  3317 | D:5      | Killed a black bear
  3317 | D:5      | Reached * piety under Okawaru
  3318 | D:5      | Reached skill level 6 in Dodging
  3318 | D:5      | Reached XP level 6. HP: 14/30 MP: 7/7
  3322 | D:5      | 3322 ||| FLEEEEING.
  3323 | D:5      | 3323 ||| FLEEEEING.
  3657 | D:5      | Reached skill level 1 in Invocations
  3676 | D:5      | HP: 6/30 [burnt (5)]
  3678 | D:5      | Incinerated by a bombardier beetle

Levels and vault maps discovered:
D:1:      matt_arrival_los_fun, layout_loops_corners
D:2:      minmay_chambers_of_ones, layout_loops_ring, serial_shops, shop,
          st_stairs_1, patterned_corridor
D:3:      layout_rooms, lemuel_round_altar
D:4:      layout_basic, minmay_temple_entry_crystal_x, nicolae_zig_zag_zippers
D:5:      layout_loops_corners, minmay_between
Temple:   nicolae_temple_bog_church

Skill      XL: |  1  2  3  4  5  6 |
---------------+-------------------+-----
Dodging        | 3 4 5 6 |  6.4
Ranged Weapons | 5 6 |  6.4
Fighting       | 2 |  2.0
Invocations    | 1 |  1.7
Stealth        | |  1.5

Action                     |  1- 3 |  4- 6 || total
---------------------------+-------+-------++-------
   Fire: Shortbow          |   110 |   130 ||   240
    Use: Scroll            |     4 |     4 ||     8
         Potion            |     2 |     4 ||     6
 Armour: Robe              |     7 |    12 ||    19
  Dodge: Dodged            |    25 |    49 ||    74

Table legend:
 A = Non-vault XP
 B = Vault XP
 C = Vault XP percentage of total XP
 D = Non-vault monster count
 E = Vault monster count
 F = Vault count percentage of total count
                 A         B        C        D         E       F
            +---------+---------+-------+---------+---------+-------
      Total |     573 |     111 |  16.2 |      69 |       8 |  10.4
            +---------+---------+-------+---------+---------+-------
        D:1 |      45 |       0 |   0.0 |      24 |       0 |   0.0
        D:2 |      50 |      24 |  32.4 |      14 |       7 |  33.3
        D:3 |      37 |       0 |   0.0 |      12 |       0 |   0.0
        D:4 |     120 |       0 |   0.0 |      10 |       0 |   0.0
        D:5 |     321 |      87 |  21.3 |       9 |       1 |  10.0
            +---------+---------+-------+---------+---------+-------
